 Dungeon Crawl Stone Soup version 0.25.1-2-g60ff931df9 (webtiles) character file.

Game seed: 13421738107074803251

4034 Johnny the Geomancer (level 9, -12/62 HPs)
             Began as a Demigod Earth Elementalist on Oct 19, 2020.
             Mangled by a centaur warrior
             ... wielding a +0 halberd
              (21 damage)
             ... on level 8 of the Dungeon.
             The game lasted 00:08:13 (9655 turns).

Johnny the Geomancer (Demigod Earth Elementalist)   Turns: 9655, Time: 00:08:13

Health: -12/62     AC:  4    Str: 10 (11) XL:     9   Next: 75%
Magic:  19/23      EV: 12    Int: 24 (25) God:
Gold:   457        SH:  0    Dex: 13 (16) Spells: 9/22 levels left

rFire    . . .     SeeInvis .   j - +2 dagger (venom)
rCold    + . .     Gourm    .   (no shield)
rNeg     . . .     Faith    .   c - +0 robe
rPois    .         Spirit   .   (no helmet)
rElec    .         Reflect  .   (no cloak)
rCorr    .         Harm     .   m - +1 pair of gloves
MR       .....                  (no boots)
Stlth    ++........             r - amulet of magic regeneration
HPRegen  0.20/turn              v - ring of protection from cold
MPRegen  0.43/turn              (no ring)

@: stab, flying, hasted, very quick
A: high mp 1
a: no special abilities


You were on level 8 of the Dungeon.
You were not hungry.

You visited 1 branch of the dungeon, and saw 8 of its levels.

You collected 457 gold pieces.

Inventory:

Hand Weapons
 e - a +0 short sword
 j - a +2 dagger of venom (weapon)
 q - a +2 short sword of draining
Missiles
 b - 112 stones (quivered)
Armour
 c - a +0 robe (worn)
 m - a +1 pair of gloves (worn)
Magical Staves
 s - an uncursed staff of death {unknown}
Jewellery
 r - an amulet of magic regeneration (around neck)
 v - a ring of protection from cold (left hand)
Wands
 A - a wand of acid (6)
Scrolls
 g - 5 scrolls of enchant armour
 i - 4 scrolls of remove curse
 k - 4 scrolls of teleportation
 u - 5 scrolls of amnesia
 w - 2 scrolls of magic mapping
 x - a scroll of identify
 y - a scroll of random uselessness {unknown}
Potions
 h - 5 potions of brilliance
 l - a potion of curing
 n - 3 potions of flight
 p - 2 potions of degeneration
 t - 2 potions of heal wounds {unknown}
 B - a potion of invisibility {unknown}
Comestibles
 d - 18 rations
 f - 4 chunks of flesh


   Skills:
 - Level 1.7 Dodging
 - Level 1.7 Stealth
 + Level 7.2 Spellcasting
 - Level 0.8 Transmutations
 * Level 11.1 Earth Magic


You had 9 spell levels left.
You knew the following spells:

 Your Spells              Type           Power        Failure   Level  Hunger
a - Sandblast             Erth           ######       1%          1    None
b - Stone Arrow           Conj/Erth      #####.       2%          3    None
c - Lee's Rapid Deconstr  Erth           ######....   1%          5    #####..
d - Petrify               Tmut/Erth      #####...     6%          4    ###....

Your spell library contained the following spells:

 Spells                   Type           Power        Failure   Level  Hunger
 Passwall                 Tmut/Erth      #####...     1%          2    None


Dungeon Overview and Level Annotations

Branches:
Dungeon (8/15)             Temple (0/1) D:4            Lair (0/6) D:8

Shops:
D:4 :


Innate Abilities, Weirdness & Mutations

You have an increased reservoir of magic. (+10% MP)


Message History

Unknown command.
Unknown command.
It was a potion of degeneration.
There was something very wrong with that liquid.
You feel weakened.
You feel dopey.
You feel clumsy.
The centaur warrior hits you with a +0 halberd!
* * * LOW HITPOINT WARNING * * *
The leopard gecko bites you but does no damage.
The centaur warrior misses you.
Unknown command.
It was a potion of stabbing.
You feel ready to backstab. The leopard gecko barely misses you.
The centaur warrior hits you with a +0 halberd!
* * * LOW HITPOINT WARNING * * *
Unknown command.
Unknown command.
It was a potion of haste.
You feel yourself speed up.
The centaur warrior hits you with a +0 halberd!!
You die...

#### #.. #.#
#.### #§#..
#######§#.#
#..§.§§§#.#
#...§§@§#.#
#...§§cY#.# #.o
#######l#.#..ooo
#n[..o.#
#......#
#.)....#
....#<.#
.....##.#
....... ...


You could see a centaur warrior, a yak and a leopard gecko.

Vanquished Creatures
  A cyclops (D:8)
  A kobold demonologist (D:8)
  2 hippogriffs (D:8)
  A spriggan (D:7)
  A yak (D:5)
  A wyvern (D:8)
  2 sky beasts
  Purgy (D:3)
  A phantom (D:7)
  A black bear (D:7)
  3 ogres
  2 centaurs
  A bullfrog (D:7)
  5 scorpions
  A killer bee (D:8)
  4 howler monkeys
  3 crimson imps
  A hound (D:5)
  2 quasits
  A bullfrog zombie (D:6)
  A centaur skeleton (D:7)
  2 orc priests
  A gnoll shaman (D:4)
  2 jellies
  3 orc wizards
  A bullfrog skeleton (D:8)
  Terence (D:3)
  6 iguanas
  9 worker ants
  A killer bee zombie (D:6)
  A hound zombie (D:8)
  A hound skeleton (D:4)
  A worker ant zombie (D:7)
  4 gnolls
  9 adders
  An ooze (D:1)
  An adder zombie (D:5)
  An adder skeleton (D:5)
  A worm (D:2)
  2 dart slugs
  7 leopard geckos
  25 orcs
  8 bats
  3 giant cockroaches
  7 goblins
  7 hobgoblins
  9 jackals
  5 quokkas
  A ball python (D:3)
  7 frilled lizards
  10 kobolds
  2 quokka skeletons
  8 rats
183 creatures vanquished.

Vanquished Creatures (others)
  3 plants (D:8)
  3 toadstools (D:2)
6 creatures vanquished.

Grand Total: 189 creatures vanquished

Notes
Turn   | Place    | Note
-------+----------+-------------------------------------------
     0 | D:1      | Johnny the Demigod Earth Elementalist began the quest for
                  | the Orb.
     0 | D:1      | Reached XP level 1. HP: 14/14 MP: 5/5
   133 | D:1      | Reached skill level 3 in Earth Magic
   317 | D:1      | Reached XP level 2. HP: 19/20 MP: 7/7
   976 | D:1      | Reached XP level 3. HP: 15/26 MP: 9/9
  1551 | D:2      | Reached skill level 4 in Earth Magic
  1971 | D:2      | Learned a level 3 spell: Stone Arrow
  1988 | D:2      | Found an ancient bone altar of Kikubaaqudgha.
  2363 | D:2      | Reached XP level 4. HP: 28/33 MP: 7/10
  2688 | D:3      | Found a white marble altar of Elyvilon.
  2688 | D:3      | Noticed Terence
  2703 | D:3      | Killed Terence
  2884 | D:3      | Found a burning altar of Makhleb.
  2959 | D:3      | Found a faded altar of an unknown god.
  3191 | D:3      | Found a glowing silver altar of Zin.
  3192 | D:3      | Found an opulent altar of Gozag.
  3192 | D:3      | Noticed Purgy
  3204 | D:3      | Killed Purgy
  3204 | D:3      | Reached skill level 5 in Earth Magic
  3204 | D:3      | Reached XP level 5. HP: 13/38 MP: 10/12
  3640 | D:4      | Found Ciqi's Book Shoppe.
  3699 | D:4      | Learned a level 5 spell: Lee's Rapid Deconstruction
  4286 | D:4      | Reached XP level 6. HP: 14/45 MP: 11/14
  4620 | D:4      | Found a blossoming altar of Fedhas.
  4620 | D:4      | Found a shimmering blue altar of Sif Muna.
  4864 | D:4      | Reached skill level 6 in Earth Magic
  5143 | D:4      | Found a staircase to the Ecumenical Temple.
  5446 | D:5      | Entered Level 5 of the Dungeon
  5629 | D:5      | Reached XP level 7. HP: 50/50 MP: 11/16
  5972 | D:5      | Reached skill level 7 in Earth Magic
  6420 | D:5      | Noticed a yak
  6438 | D:5      | Killed a yak
  6700 | D:6      | Reached skill level 5 in Spellcasting
  6700 | D:6      | Reached skill level 8 in Earth Magic
  6700 | D:6      | Reached XP level 8. HP: 50/57 MP: 14/19
  6975 | D:6      | Learned a level 4 spell: Petrify
  8044 | D:7      | Found a sparkling altar of Nemelex Xobeh.
  8085 | D:7      | Reached skill level 9 in Earth Magic
  8761 | D:7      | Found a white marble altar of Elyvilon.
  8900 | D:7      | Reached XP level 9. HP: 55/62 MP: 20/22
  9298 | D:8      | Reached skill level 10 in Earth Magic
  9533 | D:8      | Noticed a kobold demonologist
  9562 | D:8      | Killed a kobold demonologist
  9563 | D:8      | Noticed a cyclops
  9572 | D:8      | Killed a cyclops
  9572 | D:8      | Reached skill level 11 in Earth Magic
  9572 | D:8      | Found a shimmering altar of Xom.
  9572 | D:8      | Noticed a komodo dragon
  9573 | D:8      | Found the +7 mace of Variability {chain chaos}
  9576 | D:8      | Found a staircase to the Lair.
  9647 | D:8      | Noticed a centaur warrior
  9655 | D:8      | Mangled by a centaur warrior

Illustrated notes

Levels and vault maps discovered:
D:1:      scummos_arrival_simple_crosswalls, layout_basic
D:2:      layout_loops_ring, lemuel_coloured_pillars_altar, first_ration,
          minmay_gold_behind_fungi, kennysheep_small_spiral
D:3:      layout_rooms, grunt_temple_overflow_gold_and_silver,
          lemuel_crystal_altar, bloody_makhleb,
          chequers_ecumenical_altar_simple, uniq_purgy, uniq_terence
D:4:      minmay_chambers_of_threes, layout_loops_ring,
          grunt_temple_overflow_open, minmay_temple_entry_nine_rooms,
          serial_shops, shop, serial_rivers, chequers_serial_rivers_micro_d,
          chequers_serial_rivers_marsh, chequers_serial_rivers_micro_c,
          chequers_serial_rivers_small_3, chequers_serial_rivers_micro_e,
          chequers_serial_rivers_small_3
D:5:      wad_river_or_something, layout_rooms, nicolae_overflow_hidden_temple,
          minmay_manual_moon
D:6:      layout_loops_ring
D:7:      layout_cave_pools, nemelex_xobeh_ov_fountains_minmay, basic_altar,
          the_bakery
D:8:      minmay_the_grid_triangle_9x9_recursive_2
          [minmay_the_grid_triangle_9x9_prize_insulated,
          minmay_the_grid_triangle_9x9_skeleton,
          minmay_the_grid_triangle_9x9_stretched_checkered,
          minmay_the_grid_triangle_9x9_dagger], layout_basic,
          david_lair_shrubbed, st_stairs_5, grunt_decor_arrowhead,
          minmay_misc_feat_tiny, minmay_guarded_unrand_variability

Skill      XL: |  1  2  3  4  5  6  7  8  9 |
---------------+----------------------------+-----
Earth Magic    | 3 4 5 6 8 9 11 | 11.1
Spellcasting   | 2 3 4 5 6 7 |  7.2
Dodging        | |  1.7
Stealth        | |  1.7
Transmutations | |  0.8

Action                   |  1- 3 |  4- 6 |  7- 9 || total
-------------------------+-------+-------+-------++-------
Melee: Short sword       |    22 |       |       ||    22
       Unarmed           |     3 |       |       ||     3
       Dagger            |    87 |   109 |   120 ||   316
 Cast: Sandblast         |    16 |    46 |    91 ||   153
       Stone Arrow       |       |       |    21 ||    21
       Lee's Rapid Decon |       |       |    10 ||    10
Evoke: Wand              |       |       |     3 ||     3
  Use: Scroll            |       |     7 |     7 ||    14
       Potion            |       |       |     5 ||     5
 Stab: Sleeping          |     6 |     3 |     2 ||    11
  Eat: Chunk             |     4 |     6 |    14 ||    24
       Ration            |       |     1 |     1 ||     2
Armor: Robe              |    20 |    21 |    38 ||    79
Dodge: Dodged            |    84 |    97 |   118 ||   299
Block: Other             |     5 |     1 |       ||     6
